 Dungeon Crawl Stone Soup version 0.30.1-4-g462c640d31 (webtiles) character file.

Game seed: 5669141840995344277

8 growler the Trooper (level 2, 14/23 HPs)
             Began as a Demonspawn Gladiator on Aug 18, 2023.
             Quit the game on level 1 of the Dungeon.
             The game lasted 00:00:31 (232 turns).

growler the Trooper (Demonspawn Gladiator)           Turns: 232, Time: 00:00:32

Health: 14/23      AC:  4    Str: 14    XL:     2   Next: 0%
Magic:  2/2        EV: 12    Int:  9    God:
Gold:   24         SH:  0    Dex: 14    Spells: 1/1 levels left

rFire   . . .        a - +0 war axe
rCold   . . .        (no shield)
rNeg    . . .        b - +0 leather armour
rPois   .            c - +0 helmet
rElec   .            (no cloak)
rCorr   .            (no gloves)
SInv    .            (no boots)
Will    .....        (no amulet)
Stlth   +            (no ring)
HPRegen 0.23/turn    (no ring)
MPRegen 0.08/turn

%: no passive effects
@: no status effects
A: foul stench 1
a: no special abilities


You were on level 1 of the Dungeon.
You visited 1 branch of the dungeon, and saw 1 of its levels.

You collected 24 gold pieces.

Inventory:

Hand Weapons
 a - a +0 war axe (weapon)
Missiles
 d - 3 throwing nets (quivered)
 e - a javelin
Armour
 b - a +0 leather armour (worn)
 c - a +0 helmet (worn)
Scrolls
 g - a scroll of teleportation {unknown}
 j - a scroll of identify {unknown}
Potions
 f - a potion of attraction {unknown}
 h - a potion of haste {unknown}
 i - a potion of curing {unknown}


   Skills:
 + Level 2.7 Fighting
 - Level 2.6 Axes
 - Level 1.7 Throwing
 - Level 2.6 Dodging


You had one spell level left.
You didn't know any spells.
Your spell library contained the following spells:

 Spells                   Type           Power      Damage    Failure   Level
 Cause Fear               Hex            0%         N/A       99%         4
 Dragon Form              Tmut           0%         N/A       100%        7
 Dragon's Call            Summ           0%         N/A       100%        9


Dungeon Overview and Level Annotations

Branches:
Dungeon (1/15)

Altars:


Innate Abilities, Weirdness & Mutations

You may rarely emit foul miasma when damaged in melee.


Message History

j - a scroll labelled MYRRUK DAIWO You now have 24 gold pieces (gained 4).
A kobold comes into view. It is wielding a +0 whip.
The kobold shouts!
A ball python comes into view.
The ball python hisses angrily.
The kobold throws a stone.
The stone barely misses you. The ball python barely misses you. x2
You barely miss the ball python.
The kobold throws a stone.
The stone hits you but does no damage.
The ball python bites you but does no damage.
The ball python barely misses you.
You slash the ball python!
You kill the ball python!
You barely miss the kobold. The kobold closely misses you.
You hit the kobold.
You kill the kobold!
No target in view!
Found a stone staircase leading down.
A quokka and an endoplasm come into view.
The quokka moves out of view.
The endoplasm quivers.
The endoplasm freezes you.
You are frozen.
You barely miss the quokka. You hit the endoplasm. The endoplasm freezes you.
You are frozen.
The quokka bites you. The endoplasm freezes you.
You are frozen.
You hit the endoplasm.
You kill the endoplasm!
You miss the quokka.
The quokka bites you but does no damage.
The quokka completely misses you.
You slash the quokka!
You kill the quokka!
You have reached level 2!
Your demonic ancestry asserts itself...
You begin to emit a foul stench of rot and decay.
Are you sure you want to abandon this character and quit the game? (Confirm with "yes".)

.. #.# .. #.# ## .. #..
..# .# #.# ##.###.##
#.####.......#
#....#..###†.#####
#######.).....#.@.......
..............#.##.####.
#..####..#.#..#....#
.....##..#.....>...#
#..#[##..####.........#
#.............###......
...#.########## .#####
#......# #...# #.##.#.#
#...#


There were no monsters in sight!

Vanquished Creatures
  A ball python (D:1)
  An endoplasm (D:1)
  A goblin (D:1)
  A hobgoblin (D:1)
  A quokka (D:1)
  A kobold (D:1)
  A rat (D:1)
7 creatures vanquished.

Notes
Turn   | Place    | Note
-------+----------+-------------------------------------------
     0 | D:1      | growler the Demonspawn Gladiator began the quest for the
                  | Orb.
     0 | D:1      | Reached XP level 1. HP: 16/16 MP: 1/1
   232 | D:1      | Gained mutation: You may rarely emit foul miasma when
                  | damaged in melee. [demonic ancestry]
   232 | D:1      | Reached XP level 2. HP: 14/23 MP: 2/2
   232 | D:1      | Quit the game

Illustrated notes

Levels and vault maps discovered:
D:1:      tarquinn_simple_flora_water_c, layout_loops_cross, solitary_fountain,
          minmay_misc_feat_square

Action                     || total
---------------------------++-------
  Melee: War axe           ||    13
 Armour: Leather armour    ||     3
  Dodge: Dodged            ||    10
